 Dungeon Crawl Stone Soup version 0.31-a0-263-ge8cad7f256 (webtiles) character file.

Game seed: 13687508449493186201

375 qw the Shooter (level 6, -2/37 HPs)
             Began as a Gargoyle Hexslinger on July 13, 2023.
             Slain by a gnoll
             ... wielding a +0 flail
              (10 damage)
             ... on level 3 of the Dungeon.
             The game lasted 00:01:24 (2462 turns).

qw the Shooter (Gargoyle Hexslinger)                Turns: 2462, Time: 00:01:25

Health: -2/37      AC: 11    Str: 12    XL:     6   Next: 72%
Magic:  7/7        EV: 10    Int: 13    God:
Gold:   214        SH:  0    Dex: 14    Spells: 6/7 levels left

rFire   . . .        Y - +2 sling
rCold   . . .        (no shield)
rNeg    + . .        i - +0 ring mail
rPois   inf          j - +0 helmet
rElec   +            (no cloak)
rCorr   .            (no gloves)
SInv    .            b - +0 pair of boots
Will    .....        a - amulet of reflection Stlth
                     (no ring)
HPRegen 0.26/turn    (no ring)
MPRegen 0.10/turn

%: reflection
@: confused
A: sickness immunity, AC +4, negative energy resistance 1, electricity
resistance, torment resistance 1, petrification resistance
a: no special abilities


You were on level 3 of the Dungeon.
You visited 1 branch of the dungeon, and saw 3 of its levels.

You collected 214 gold pieces.


Innate Abilities, Weirdness & Mutations

You are immune to sickness and miasma.
Your stone body is resilient. (AC +4)
You are immune to poison.
You resist negative energy. (rN+)
You are resistant to electric shocks. (rElec)
You are resistant to unholy torment.
You are immune to petrification.


   Skills:
 + Level 3.5 Fighting
 - Level 6.0 Ranged Weapons
 - Level 1.0 Armour
 - Level 1.5 Dodging
 - Level 1.0 Spellcasting
 - Level 2.6 Hexes


You had 6 spell levels left.
You knew the following spells:

 Your Spells              Type           Power      Damage    Failure   Level
a - Slow                  Hex            28%        N/A       22%         1

Your spell library contained the following spells:

 Spells                   Type           Power      Damage    Failure   Level
 Inner Flame              Hex/Fire       4%         N/A       73%         3
 Portal Projectile        Hex/Tloc       8%         N/A       73%         3
 Cause Fear               Hex            3%         N/A       91%         4

Inventory:

Hand Weapons
 Y - a +2 sling (weapon)
Armour
 b - a +0 pair of boots (worn)
 i - a +0 ring mail (worn)
 j - a +0 helmet (worn)
Jewellery
 a - an amulet of reflection (around neck)
Scrolls
 k - a scroll of teleportation {unknown}
 m - a scroll of fear {unknown}
Potions
 c - a potion of brilliance {unknown}
 d - a potion of might
 e - 2 potions of curing {unknown}
 f - a potion of heal wounds {unknown}
 g - a potion of haste {unknown}
 h - a potion of invisibility {unknown}
 l - a potion of mutation {unknown}

Dungeon Overview and Level Annotations

Branches:
Dungeon (3/15)

Altars:


Message History

You shoot a sling bullet. The sling bullet hits the gnoll.
The gnoll is heavily wounded.
You hear some strange, mumbled words.
A puff of flame appears from out of thin air!
The puff of flame hits you but does no damage.
The gnoll hits you from afar with a +0 spear.
Something hits you but does no damage. The gnoll hits you but does no damage.
You shoot a sling bullet.
The sling bullet closely misses the gnoll.
The sling bullet barely misses the orc.
The sling bullet barely misses the kobold brigand.
The gnoll hits you but does no damage. Something hits you but does no damage.
You shoot a sling bullet. The sling bullet hits the gnoll.
The gnoll is severely wounded.
Something hits you but does no damage.
The gnoll hits you from afar with a +0 spear.
You shoot a sling bullet. Something hits you but does no damage.
The gnoll hits you but does no damage.
You shoot a sling bullet.
A gnoll comes into view. It is wielding a +0 flail.
You hear some strange, mumbled words.
A puff of flame appears from out of thin air!
The puff of flame hits you. You block the gnoll's attack.
You shoot a sling bullet. The gnoll shouts!
The sling bullet hits the gnoll.
You kill the gnoll!
Something hits you but does no damage.
An orc comes into view. It is wielding a +0 flail.
You hear some strange, mumbled words.
You are confused.
The gnoll closely misses you.
An orc comes into view. It is wielding a +0 falchion.
Something hits you but does no damage.
The orc shouts!
The gnoll closely misses you. Something hits you but does no damage.
The gnoll closely misses you. Something hits you. The gnoll barely misses you.
Something hits you but does no damage. Something hits you but does no damage.
The gnoll hits you with a +0 flail!
You die...

.. ..######## ## #'#....'. ..
#.#[...###'#### #.#....#.#.....
#.###'##!#o.... #......#g#Ko...
#......@{gog...
#.######################
#)#.).........#....#.... #....~~~
#))...........'....'....
#...P~~###'#...........#....#....
#....~~#...#############)')'#####
#....~~#...#.......[......)......
#....~~#####~~~~~~~~~~~~..).~~~)~
#....~~~~~~~~~~~~~~~~~~~))..~~~~~


You could see a kobold brigand, 3 gnolls and 3 orcs.

Vanquished Creatures
  An orc priest (D:3)
  An iguana (D:3)
  A gnoll bouda (D:3)
  Natasha (D:3)
  2 orc wizards
  11 gnolls (D:3)
  5 adders
  A worm (D:2)
  A dart slug (D:2)
  17 orcs (D:3)
  3 bats (D:1)
  6 endoplasms
  A giant cockroach (D:1)
  5 goblins
  2 hobgoblins (D:1)
  6 jackals
  5 quokkas
  A frilled lizard (D:1)
  A kobold (D:1)
  4 rats
75 creatures vanquished.

Notes
Turn   | Place    | Note
-------+----------+-------------------------------------------
     0 | D:1      | qw the Gargoyle Hexslinger began the quest for the Orb.
     0 | D:1      | Reached XP level 1. HP: 12/12 MP: 2/2
     0 | D:1      | 0 ||| qw: Version: 0.3-a-52-g30416fa
     0 | D:1      | 0 ||| qw: Game counter: 7160
     0 | D:1      | 0 ||| qw: Melee chars always use a shield: true
     0 | D:1      | 0 ||| qw: God list: Okawaru
     0 | D:1      | 0 ||| qw: Allow faded altars: false
     0 | D:1      | 0 ||| qw: Do Orc after clearing Dungeon:15 true
     0 | D:1      | 0 ||| qw: Do second Lair branch before Depths: true
     0 | D:1      | 0 ||| qw: Lair rune preference: random
     0 | D:1      | 0 ||| qw: Goals: Normal
     0 | D:1      | 0 ||| PLANNING D:1-11
    84 | D:1      | Reached XP level 2. HP: 16/16 MP: 3/3
   110 | D:1      | Found Nehylaf's Armour Boutique.
   167 | D:1      | Reached skill level 3 in Ranged Weapons
   645 | D:1      | 645 ||| UPGRADING to +0 ring mail.
   655 | D:1      | 655 ||| DROPPING +0 robe.
   656 | D:1      | 656 ||| READING scroll labelled DECWUO YLAUFFO.
   657 | D:1      | 657 ||| DRINKING 2 metallic orange potions.
   658 | D:1      | 658 ||| DROPPING scroll of poison.
   717 | D:2      | Reached XP level 3. HP: 21/21 MP: 4/4
  1233 | D:2      | Reached XP level 4. HP: 26/26 MP: 5/5
  1340 | D:2      | 1340 ||| UPGRADING to +0 pair of boots.
  1345 | D:2      | 1345 ||| UPGRADING to amulet of reflection.
  1350 | D:2      | 1350 ||| READING scroll labelled KYGIZIUTRU.
  1351 | D:2      | 1351 ||| READING scroll labelled LAMUAG EFIRE.
  1464 | D:3      | Reached skill level 1 in Armour
  1482 | D:3      | Reached skill level 4 in Ranged Weapons
  1490 | D:3      | Noticed Natasha
  1498 | D:3      | Killed Natasha
  1513 | D:3      | 1513 ||| FLEEEEING.
  1514 | D:3      | 1514 ||| FLEEEEING.
  1515 | D:3      | 1515 ||| FLEEEEING.
  1516 | D:3      | 1516 ||| FLEEEEING.
  1517 | D:3      | 1517 ||| FLEEEEING.
  1518 | D:3      | 1518 ||| FLEEEEING.
  1519 | D:3      | 1519 ||| FLEEEEING.
  1520 | D:3      | 1520 ||| FLEEEEING.
  1521 | D:3      | 1521 ||| FLEEEEING.
  1527 | D:3      | 1527 ||| FLEEEEING.
  1528 | D:3      | 1528 ||| FLEEEEING.
  1529 | D:3      | 1529 ||| FLEEEEING.
  1530 | D:3      | 1530 ||| FLEEEEING.
  1531 | D:3      | 1531 ||| FLEEEEING.
  1532 | D:3      | 1532 ||| FLEEEEING.
  1533 | D:3      | 1533 ||| FLEEEEING.
  1544 | D:3      | Reached XP level 5. HP: 22/30 MP: 6/6
  1554 | D:3      | 1554 ||| FLEEEEING.
  1555 | D:3      | 1555 ||| FLEEEEING.
  1556 | D:3      | 1556 ||| FLEEEEING.
  1558 | D:3      | 1558 ||| FLEEEEING.
  1559 | D:3      | 1559 ||| FLEEEEING.
  1560 | D:3      | 1560 ||| FLEEEEING.
  1561 | D:3      | 1561 ||| FLEEEEING.
  1562 | D:3      | 1562 ||| FLEEEEING.
  1563 | D:3      | 1563 ||| FLEEEEING.
  1569 | D:3      | 1569 ||| STAIRDANCE
  1619 | D:2      | 1619 ||| UPGRADING to +0 helmet.
  1630 | D:3      | 1630 ||| STAIRDANCE
  1632 | D:3      | 1632 ||| STAIRDANCE
  1659 | D:3      | 1659 ||| STAIRDANCE
  1757 | D:3      | Reached skill level 5 in Ranged Weapons
  2018 | D:3      | 2018 ||| FLEEEEING.
  2023 | D:3      | 2023 ||| FLEEEEING.
  2024 | D:3      | 2024 ||| FLEEEEING.
  2076 | D:3      | HP: 6/32 [gnoll/+0 spear (6)]
  2081 | D:3      | Reached skill level 3 in Fighting
  2081 | D:3      | Reached XP level 6. HP: 5/37 MP: 7/7
  2092 | D:3      | 2092 ||| FLEEEEING.
  2093 | D:3      | 2093 ||| FLEEEEING.
  2094 | D:3      | HP: 7/37 [gnoll/+0 whip of electrocution (2)]
  2176 | D:3      | 2176 ||| FLEEEEING.
  2177 | D:3      | 2177 ||| FLEEEEING.
  2178 | D:3      | 2178 ||| FLEEEEING.
  2245 | D:3      | 2245 ||| FLEEEEING.
  2286 | D:3      | 2286 ||| Stepping ~*~*~tactically~*~*~ (outnumbered).
  2438 | D:3      | Reached skill level 6 in Ranged Weapons
  2456 | D:3      | HP: 8/37 [something/puff of flame (3)]
  2462 | D:3      | Slain by a gnoll

Levels and vault maps discovered:
D:1:      dpeg_arrival_simpleton_a, layout_rooms, serial_curves, eino_curves_04,
          eino_curves_04, eino_curves_03, serial_shops,
          nicolae_shop_back_alley_shop, minmay_hedge_maze,
          roderic_cross_of_infinity
D:2:      layout_basic
D:3:      lemuel_castle_with_subvaults [lemuel_castle_interior_carwin_1],
          layout_loops_ring, uniq_natasha

Skill      XL: |  1  2  3  4  5  6 |
---------------+-------------------+-----
Ranged Weapons | 3 4 5 6 |  6.0
Fighting       | 2 3 |  3.5
Armour         | 1 |  1.0
Dodging        | |  1.5
Spellcasting   | |  1.0
Hexes          | |  2.6

Action                     |  1- 3 |  4- 6 || total
---------------------------+-------+-------++-------
   Fire: Sling             |   108 |   223 ||   331
    Use: Scroll            |     1 |     2 ||     3
         Potion            |     1 |       ||     1
 Armour: Robe              |     7 |       ||     7
         Ring mail         |    18 |    75 ||    93
  Dodge: Dodged            |    33 |    55 ||    88
  Block: Other             |       |    30 ||    30
         Reflection        |       |     1 ||     1

Table legend:
 A = Non-vault XP
 B = Vault XP
 C = Vault XP percentage of total XP
 D = Non-vault monster count
 E = Vault monster count
 F = Vault count percentage of total count
                 A         B        C        D         E       F
            +---------+---------+-------+---------+---------+-------
      Total |     219 |     317 |  59.1 |      42 |      33 |  44.0
            +---------+---------+-------+---------+---------+-------
        D:1 |      32 |       0 |   0.0 |      18 |       0 |   0.0
        D:2 |      91 |       0 |   0.0 |      11 |       0 |   0.0
        D:3 |      96 |     317 |  76.8 |      13 |      33 |  71.7
            +---------+---------+-------+---------+---------+-------
